 Dungeon Crawl Stone Soup version 0.29.1-1-gd02db6906a (webtiles) character file.

Game seed: 2210387577999650633

11995 Icepheonix32 the Fighter (level 11, -1/157 HPs)
             Began as a Minotaur Fighter on Sept 20, 2022.
             Was an Elder of Dithmenos.
             Slain by a bone dragon (2 damage)
             ... on level 2 of the Abyss.
             The game lasted 00:19:36 (10343 turns).

Icepheonix32 the Fighter (Minotaur Fighter)        Turns: 10343, Time: 00:19:37

Health: -1/157     AC: 32    Str: 28    XL:     11   Next: 56%
Magic:  0/10       EV:  2    Int:  4    God:    Dithmenos [****..]
Gold:   458        SH:  6    Dex: 16    Spells: 10/10 levels left

rFire   . . .      SeeInvis .   m - +2 short sword (protect)
rCold   . . .      Faith    .   c - +0 buckler
rNeg    . . .      Spirit   +   (body armour currently unavailable)
rPois   +          Reflect  .   (helmet currently unavailable)
rElec   .          Harm     .   (cloak currently unavailable)
rCorr   .          Rampage  .   (gloves currently unavailable)
Will    .....      Clarity  +   (boots currently unavailable)
Stlth   .......... NoTele   +   h - amulet of guardian spirit
HPRegen 0.36/turn               y - +6 ring of dexterity
MPRegen 0.12/turn               u - +4 ring of slaying

@: berserking, tree-form, weakened, under a protective aura, hasted, wreathed by
umbra, very quick
A: stationary, stasis, torment immunity, boosted hp, (horns 2), (retaliatory
headbutt), clarity, strong 1, frail 2[+1], ([teleportitis 2])
a: Renounce Religion, Shadow Step


You were on level 2 of the Abyss.
You worshipped Dithmenos.
Dithmenos was greatly pleased with you.
You were a tree.
You visited 2 branches of the dungeon, and saw 11 of its levels.
You visited the Abyss 1 time.

You collected 562 gold pieces.
You spent 104 gold pieces at shops.

Inventory:

Hand Weapons
 m - a +2 short sword of protection (weapon)
 K - a +0 whip
Missiles
 o - a throwing net (quivered)
 C - 6 silver javelins
 F - a curare-tipped dart
Armour
 c - a +0 buckler (worn)
 f - a +2 pair of boots (melded)
 l - the +1 ring mail of Qilue (melded) {Drain rCorr Int+9 Slay+4}
   (You found it on level 2 of the Dungeon)

   Int:       It affects your intelligence (+9).
   Slay:      It affects your accuracy & damage with ranged weapons and melee
   (+4).
   rCorr:     It protects you from acid and corrosion.
   Drain:     It drains your maximum health when unequipped.
 G - a +1 pair of gloves (melded)
 I - a +0 kite shield
Jewellery
 e - a ring of magical power
 h - an amulet of guardian spirit (around neck)
 u - a +4 ring of slaying (right branch)
 w - a ring of flight
 y - a +6 ring of dexterity (left branch)
 J - a +6 ring of strength
Wands
 k - a wand of charming (11)
Scrolls
 b - a scroll of butterflies
 g - 2 scrolls of fear
 i - a scroll of poison {unknown}
 n - 2 scrolls of enchant weapon
 p - a scroll of brand weapon
 q - a scroll of magic mapping
 t - a scroll of blinking
 x - 6 scrolls of teleportation
 D - a scroll of vulnerability {unknown}
 E - a scroll of acquirement {unknown}
 H - a scroll of noise {unknown}
Potions
 d - 2 potions of might
 j - 3 potions of haste
 r - 2 potions of lignification
 v - a potion of cancellation
 z - a potion of attraction
 A - a potion of brilliance
 B - 2 potions of curing
Miscellaneous
 a - a phial of floods


   Skills:
 * Level 10.9 Fighting
 + Level 9.8 Short Blades
 - Level 5.1 Axes
 + Level 8.6 Armour
 * Level 10.2 Dodging
 + Level 2.7 Stealth
 + Level 7.8 Shields
 + Level 1.4 Evocations


You had 10 spell levels left.
You didn't know any spells.
Your spell library contained the following spells:

 Spells                   Type           Power      Damage    Failure   Level
 Necrotise                Necr           0%         1d4       56%         1
 Sting                    Tmut/Pois      0%         1d3       56%         1
 Blink                    Tloc           0%         N/A       71%         2
 Poisonous Vapours        Pois/Air       0%         N/A       71%         2
 Static Discharge         Conj/Air       0%         3-3/arc   71%         2
 Lesser Beckoning         Tloc           0%         N/A       91%         3
 Summon Guardian Golem    Hex/Summ       0%         N/A       91%         3
 Vampiric Draining        Necr           0%         2d6       91%         3
 Dispel Undead            Necr           0%         3d6       100%        4
 Olgreb's Toxic Radiance  Pois           0%         N/A       100%        4
 Sticky Flame             Conj/Fire      0%         2d3       100%        4
 Agony                    Necr           0%         N/A       100%        5
 Manifold Assault         Tloc           0%         N/A       100%        5
 Orb of Destruction       Conj           0%         9d5       100%        7
 Spellforged Servitor     Conj/Summ      0%         N/A       100%        7
 Storm Form               Tmut/Air       0%         N/A       100%        7


Dungeon Overview and Level Annotations

Branches:
Dungeon (10/15)            Temple (1/1) D:4            Lair (0/5) D:8
    Orc: D:9-12

Altars:
Ashenzari
Cheibriados
Dithmenos
Elyvilon
Fedhas
Gozag
Hepliaklqana
Kikubaaqudgha
Makhleb
Nemelex Xobeh
Okawaru
Qazlal
Ru
Sif Muna
Trog
Uskayaw
Vehumet
Wu Jian
Xom
Yredelemnul
Zin
The Shining One

Shops:
D:4 *   D:10 :

Annotations:
D:9 1 runed translucent door, Tiocfaidh's ghost, journeyman VSBr
D:10 Sonja


Innate Abilities, Weirdness & Mutations

You are a tree.
Your roots penetrate the ground, keeping you stationary.
You cannot be teleported.
You are immune to unholy pain and torment.
Your maximum health is greatly increased.
Your equipment is partially melded.
((You have a pair of horns on your head.))
((You reflexively headbutt those who attack you in melee.))
You possess an exceptional clarity of mind.
Your muscles are strong. (Str +4, Int/Dex -1)
[You are extremely frail. (-30% HP)]
[((You are often teleported next to monsters.))]


Message History

The wretched star glows turbulently.
The lance of force hits you!
* * * LOW HITPOINT WARNING * * *
The orange demon stings you but does no damage.
You block the bone dragon's attack.
The bone dragon claws you but does no damage.
The bone dragon tramples you but does no damage.
You hit the bone dragon but do no damage.
The bone dragon is lightly damaged.
Your shadow hits the bone dragon but does no damage.
You block the sixfirhy's attack.
You hit the bone dragon but do no damage.
The bone dragon is lightly damaged.
The sixfirhy hits you but does no damage.
The orange demon stings you but does no damage.
You block the bone dragon's attack. The bone dragon claws you!
* * * LOW HITPOINT WARNING * * *
The bone dragon tramples you but does no damage.
The sixfirhy completely misses you.
You hit the bone dragon but do no damage.
The bone dragon is lightly damaged.
The sixfirhy hits you.
* * * LOW HITPOINT WARNING * * *
The sixfirhy shocks you!
* * * LOW HITPOINT WARNING * * *
You hit the bone dragon.
The bone dragon is lightly damaged.
You block the sixfirhy's attack.
The sixfirhy hits you but does no damage.
You hit the bone dragon.
The bone dragon is lightly damaged.
The sixfirhy hits you but does no damage.
The wretched star pulses with an eldritch light!
You feel frail.
You feel weirdly uncertain.
You feel even more weirdly uncertain.
A neqoxec comes into view.
The bone dragon bites you!
* * * LOW HITPOINT WARNING * * *
The bone dragon claws you.
You die...

.. # . ## .
.. .#### #.
# # # ...
.# ...
#.###..#.#
.#.. 3....
..#.... ...
4#... # # #
#3#D.#....#
###♣._.## .
. #.*#### .
#...#
#.#.##
#.#.. #.#..
. ..#. #
#.#. #§###


You could see a bone dragon, a wretched star, an orange demon, a sixfirhy and a
neqoxec (wandering).

Vanquished Creatures
  Erolcha (D:10)
  A centaur warrior (D:8)
  3 two-headed ogres
  2 thrashing horrors (Abyss:2)
  A vampire mage (Abyss:2)
  2 starcursed masses (Abyss:2)
  Pikel (D:4)
  An ugly thing (D:10)
  A gargoyle (D:10)
  A shadow (Abyss:2)
  Sigmund (D:2)
  A wraith (D:8)
  Eustachio (D:5)
  7 yaks
  A steam dragon (D:6)
  2 wargs (D:8)
  A water moccasin (D:7)
  2 ice beasts
  An orc warrior (D:8)
  A black bear (D:7)
  2 ogres (D:5)
  2 centaurs
  4 kobold brigands
  2 gnoll sergeants
  Blork the orc (D:4)
  3 bullfrogs
  2 necrophages (D:6)
  A small abomination (Abyss:2)
  6 killer bees (D:8)
  4 howler monkeys
  2 electric eels (D:10)
  5 orc priests
  A gnoll bouda (D:8)
  3 hounds
  3 jellies
  4 iguanas
  11 orc wizards
  Robin (D:4)
  22 gnolls
  8 adders
  A white imp (D:5)
  3 worms
  A dart slug (D:3)
  36 orcs
  6 endoplasms
  3 giant cockroaches
  17 goblins
  11 hobgoblins
  3 jackals (D:3)
  3 quokkas (D:1)
  7 ball pythons
  A bat (D:2)
  4 frilled lizards
  39 kobolds
  11 rats
265 creatures vanquished.

Vanquished Creatures (others)
  15 plants
15 creatures vanquished.

Grand Total: 280 creatures vanquished

Notes
Turn   | Place    | Note
-------+----------+-------------------------------------------
     0 | D:1      | Icepheonix32 the Minotaur Fighter began the quest for the
                  | Orb.
     0 | D:1      | Reached XP level 1. HP: 19/19 MP: 0/0
   186 | D:1      | Reached XP level 2. HP: 27/27 MP: 1/1
   622 | D:2      | Reached XP level 3. HP: 22/33 MP: 2/2
   848 | D:2      | Reached XP level 4. HP: 40/40 MP: 3/3
  1080 | D:2      | Identified the +1 ring mail of Qilue {Drain rCorr Int+9
                  | Slay+4}
  1082 | D:2      | Noticed Sigmund
  1091 | D:2      | Killed Sigmund
  1092 | D:2      | Reached skill level 5 in Fighting
  1092 | D:2      | Reached skill level 5 in Axes
  1092 | D:2      | Reached XP level 5. HP: 45/48 MP: 4/4
  1422 | D:3      | Found a faded altar of an unknown god.
  1442 | D:3      | Reached XP level 6. HP: 56/56 MP: 5/5
  1523 | D:3      | Found a snail-covered altar of Cheibriados.
  2058 | D:4      | Found a staircase to the Ecumenical Temple.
  2143 | Temple   | Entered the Ecumenical Temple
  2280 | Temple   | Became a worshipper of Dithmenos the Shadowed
  2315 | D:4      | Reached skill level 1 in Short Blades
  2325 | D:4      | Noticed Pikel
  2327 | D:4      | Reached skill level 1 in Dodging
  2358 | D:4      | Killed Pikel
  2359 | D:4      | Reached skill level 5 in Armour
  2359 | D:4      | Reached XP level 7. HP: 59/64 MP: 6/6
  2454 | D:4      | Noticed Blork the orc
  2463 | D:4      | Killed Blork the orc
  2466 | D:4      | Found Jintauge's General Store.
  2481 | D:4      | Bought a scroll of identify for 22 gold pieces
  2481 | D:4      | Bought a scroll of magic mapping for 82 gold pieces
  2711 | D:4      | Noticed Robin
  2727 | D:4      | Killed Robin
  2736 | D:4      | Reached * piety under Dithmenos
  2767 | D:4      | Found a glowing golden altar of the Shining One.
  3016 | D:5      | Entered Level 5 of the Dungeon
  3027 | D:5      | Reached XP level 8. HP: 61/73 MP: 7/7
  3435 | D:5      | Reached skill level 5 in Short Blades
  3470 | D:5      | Reached skill level 1 in Stealth
  3708 | D:5      | Noticed Eustachio
  3715 | D:5      | Killed Eustachio
  3723 | D:5      | Reached skill level 5 in Dodging
  4025 | D:5      | Found an iron altar of Okawaru.
  4062 | D:5      | Reached skill level 5 in Shields
  4268 | D:6      | Reached ** piety under Dithmenos
  4444 | D:6      | Gained mutation: Your spells are a little harder to cast,
                  | but a little more powerful. [potion of mutation]
  4444 | D:6      | Gained mutation: You are strong-willed. (Will+) [potion of
                  | mutation]
  4444 | D:6      | Gained mutation: You occasionally lose the ability to drink
                  | potions when taking damage. [potion of mutation]
  4444 | D:6      | Gained mutation: You passively dampen the noise of your
                  | surroundings. [potion of mutation]
  4668 | D:6      | Reached XP level 9. HP: 79/81 MP: 8/8
  5632 | D:7      | Found a radiant altar of Vehumet.
  6140 | D:8      | Noticed a centaur warrior
  6149 | D:8      | Killed a centaur warrior
  6259 | D:8      | Reached *** piety under Dithmenos
  6543 | D:8      | Reached XP level 10. HP: 71/91 MP: 6/9
  6571 | D:8      | Found a staircase to the Lair.
  6852 | D:8      | Found a blossoming altar of Fedhas.
  6852 | D:8      | Found a shimmering altar of Xom.
  7219 | D:9      | Found a runed translucent door.
  7232 | D:9      | Lost mutation: You passively dampen the noise of your
                  | surroundings. [potion of mutation]
  7232 | D:9      | Lost mutation: You are strong-willed. (Will+) [potion of
                  | mutation]
  7232 | D:9      | Gained mutation: Armour fits poorly on your strangely
                  | shaped body. [potion of mutation]
  7232 | D:9      | Gained mutation: You are partially covered in iridescent
                  | scales. (AC +2) [potion of mutation]
  7232 | D:9      | Gained mutation: You expend magic power (3 MP) to
                  | strengthen your wands. [potion of mutation]
  7279 | D:9      | Noticed a two-headed ogre
  7285 | D:9      | Killed a two-headed ogre
  7796 | D:9      | Lost mutation: You expend magic power (3 MP) to strengthen
                  | your wands. [potion of mutation]
  7796 | D:9      | Lost mutation: Armour fits poorly on your strangely shaped
                  | body. [potion of mutation]
  7796 | D:9      | Lost mutation: You occasionally lose the ability to drink
                  | potions when taking damage. [potion of mutation]
  7796 | D:9      | Lost mutation: Your spells are a little harder to cast, but
                  | a little more powerful. [potion of mutation]
  7796 | D:9      | Gained mutation: Armour fits poorly on your strangely
                  | shaped body. [potion of mutation]
  7797 | D:9      | Lost mutation: Armour fits poorly on your strangely shaped
                  | body. [potion of mutation]
  7797 | D:9      | Lost mutation: You are partially covered in iridescent
                  | scales. (AC +2) [potion of mutation]
  7797 | D:9      | Gained mutation: [You are frail. (-10% HP)] [potion of
                  | mutation]
  7797 | D:9      | Gained mutation: [You are very frail. (-20% HP)] [potion of
                  | mutation]
  7797 | D:9      | Gained mutation: Your muscles are strong. (Str +4, Int/Dex
                  | -1) [potion of mutation]
  7797 | D:9      | Gained mutation: You possess an exceptional clarity of
                  | mind. [potion of mutation]
  8030 | D:9      | Noticed Tiocfaidh's ghost (journeyman VSBr)
  8260 | D:10     | Entered Level 10 of the Dungeon
  8266 | D:10     | Noticed a white ugly thing
  8950 | D:10     | Noticed a gargoyle
  8966 | D:10     | Killed a white ugly thing
  8967 | D:10     | Reached skill level 10 in Fighting
  8970 | D:10     | Killed a gargoyle
  9011 | D:10     | Reached **** piety under Dithmenos
  9760 | D:10     | Noticed Erolcha
  9776 | D:10     | Killed Erolcha
  9777 | D:10     | Reached XP level 11. HP: 80/80 MP: 10/10
  9809 | D:10     | Found Urhuplef's Book Boutique.
  9830 | D:10     | Identified the +7 trident "Qoda" {vorpal, *Rage rF++ rC+
                  | rN+}
  9840 | D:10     | Noticed a two-headed ogre
  9850 | D:10     | Killed a two-headed ogre
  9853 | D:10     | Noticed a two-headed ogre
  9865 | D:10     | Killed a two-headed ogre
  9916 | D:10     | Noticed Sonja
  9922 | Abyss:2  | Cast into level 2 of the Abyss (Sonja)
  9940 | Abyss:2  | Noticed a vampire mage
  9955 | Abyss:2  | Killed a vampire mage
  9956 | Abyss:2  | Reached skill level 1 in Evocations
 10166 | Abyss:2  | Noticed a thrashing horror
 10169 | Abyss:2  | Noticed a thrashing horror
 10178 | Abyss:2  | Killed a thrashing horror
 10186 | Abyss:2  | Killed a thrashing horror
 10187 | Abyss:2  | Reached skill level 10 in Dodging
 10189 | Abyss:2  | Found a corrupted altar of Lugonu.
 10193 | Abyss:2  | Noticed a starcursed mass
 10198 | Abyss:2  | Found a corrupted altar of Lugonu.
 10210 | Abyss:2  | Killed a starcursed mass
 10213 | Abyss:2  | Killed a starcursed mass
 10308 | Abyss:2  | Found a corrupted altar of Lugonu.
 10318 | Abyss:2  | Noticed a bone dragon
 10326 | Abyss:2  | Noticed a wretched star
 10333 | Abyss:2  | Noticed a sixfirhy
 10343 | Abyss:2  | HP: 1/157 [bone dragon (10)]
 10343 | Abyss:2  | Slain by a bone dragon

Illustrated notes

Levels and vault maps discovered:
D:1:      shiori_arrival_oz, layout_basic
D:2:      layout_loops_ring, minmay_pentomino_r2, uniq_sigmund
D:3:      layout_loops_ring, mainiacjoe_overflow_paths, basic_ecumenical_altar,
          hangedman_abyss_or_decor_stabs
D:4:      layout_basic, tso_altar, temple_pool_b, serial_shops,
          nicolae_lakefront_shop, uniq_pikel, uniq_blork_the_orc, uniq_robin
D:5:      layout_loops_ring, kennysheep_okawaru_gauntlet, uniq_eustachio
D:6:      layout_basic, hangedman_decor_diamond_cutter
D:7:      layout_loops_cross, fiery_altar_vehumet, hex_large
D:8:      layout_loops_ring, gammafunk_temple_overflow_statue,
          erik_lair_orcish_takeover
D:9:      kennysheep_kobold_camp, layout_rooms, ebering_ghost_reflecting_pool
D:10:     layout_basic, serial_bayou, serial_bayou_lagoon_b,
          serial_bayou_pond_a, serial_bayou_pond_c, serial_bayou_shore_b,
          serial_shops, shop_fountains, uniq_erolcha, uniq_sonja
Temple:   lightli_temple_of_artemis
Abyss:2:  base:
D:7

Skill      XL: |  1  2  3  4  5  6  7  8  9 10 11 |
---------------+----------------------------------+-----
Fighting       | 4 5 6 7 9 10 | 10.9
Armour         | 4 5 7 8 |  8.6
Shields        | 4 5 7 |  7.8
Axes           | 3 5 |  5.1
Short Blades   | 3 4 6 8 9 |  9.8
Dodging        | 2 3 5 7 9 10 | 10.2
Stealth        | 1 2 |  2.7
Evocations     | 1 |  1.4

Action                   |  1- 3 |  4- 6 |  7- 9 | 10-12 || total
-------------------------+-------+-------+-------+-------++-------
Melee: War axe           |    69 |    23 |       |       ||    92
       Headbutt          |    10 |    15 |    63 |    55 ||   143
       Short sword       |       |    89 |   268 |   248 ||   605
Evoke: Wand              |       |       |       |     6 ||     6
  Use: Scroll            |     4 |       |    10 |     1 ||    15
       Potion            |     2 |     1 |     2 |    13 ||    18
Armor: Scale mail        |    23 |     7 |       |       ||    30
       Ring mail         |       |    57 |    95 |    43 ||   195
       Skin              |       |       |       |    15 ||    15
Dodge: Dodged            |    31 |    39 |   154 |   115 ||   339
Block: Buckler           |    13 |    19 |    63 |    59 ||   154
